 Dungeon Crawl Stone Soup version 0.22.0-75-g3901e7991e (webtiles) character file.

574 cui the Ruffian (level 7, -18/67 HPs)
             Began as a Troll Berserker on Sept 14, 2018.
             Was a Believer of Trog.
             Demolished by Joseph
             ... wielding a +0 quarterstaff
              (28 damage)
             ... on level 7 of the Dungeon.
             The game lasted 00:11:50 (1487 turns).

cui the Ruffian (Troll Berserker)                   Turns: 1487, Time: 00:11:51

Health: -18/67     AC:  5    Str: 28    XL:     7   Next: 12%
Magic:  6/6        EV: 11    Int:  3    God:    Trog [**....]
Gold:   120        SH:  0    Dex:  9    Spells: 6/6 levels left

rFire    . . .     SeeInvis .   j - +0 long sword (curse)
rCold    . . .     Gourm    +   (no shield)
rNeg     . . .     Faith    .   a - +0 animal skin
rPois    .         Spirit   .   (helmet restricted)
rElec    .         Reflect  .   (no cloak)
rCorr    .         Harm     .   (gloves unavailable)
MR       .....                  (boots unavailable)
Stlth    +.........             (no amulet)
HPRegen  0.61/turn              (no ring)
MPRegen  0.10/turn              (no ring)

@: no status effects
A: large, unfitting armour, claws 3, fast metabolism 3, gourmand, regeneration
1, shaggy fur 1, tough skin 2
a: Berserk, Trog's Hand, Renounce Religion


You were on level 7 of the Dungeon.
You worshipped Trog.
Trog was pleased with you.
You were hungry.

You visited 1 branch of the dungeon, and saw 7 of its levels.

You collected 120 gold pieces.

Inventory:

Hand Weapons
 j - a cursed +0 long sword (weapon)
Armour
 a - a +0 animal skin (worn)
Wands
 i - a wand of acid (10)
Scrolls
 c - a scroll of identify {unknown}
 f - a scroll of silence {unknown}
Potions
 d - a potion of magic
 e - a potion of curing {unknown}
 g - 2 potions of berserk rage
 h - a potion of flight {unknown}
Comestibles
 b - 5 rations


   Skills:
 + Level 3.3 Fighting
 + Level 0.1 Long Blades
 + Level 4.4 Dodging
 + Level 0.3 Stealth
 + Level 6.1 Unarmed Combat


You had 6 spell levels left.
You didn't know any spells.
Your spell library was empty.

Dungeon Overview and Level Annotations

Branches:
Dungeon (7/15)
 Temple: D:4-7

Altars:
Xom

Annotations:
D:7 Joseph


Innate Abilities, Weirdness & Mutations

You are too large for most types of armour.
You have claws for hands.
Your metabolism is lightning-fast.
You like to eat raw meat.
Your natural rate of healing is unusually fast.
You are covered in fur. (AC +1)
You have very tough skin. (AC +2)


Message History

Joseph drinks a potion.
Joseph goes berserk!
Joseph closely misses you.
You riposte.
You hit Joseph.
Joseph is lightly wounded.
You closely miss Joseph.
Joseph is lightly wounded.
Joseph hits you with an uncursed quarterstaff!!
* * * LOW HITPOINT WARNING * * *
You barely miss Joseph. You claw Joseph, but do no damage.
Joseph is lightly wounded.
Joseph closely misses you. Joseph completely misses you.
You barely miss Joseph.
Joseph is lightly wounded.
Joseph hits you with an uncursed quarterstaff.
* * * LOW HITPOINT WARNING * * *
Joseph hits you with an uncursed quarterstaff!
* * * LOW HITPOINT WARNING * * *
You hit Joseph but do no damage.
Joseph is lightly wounded.
Joseph hits you with an uncursed quarterstaff!!
You die...

######### #
##.......#####.#
.>.............
#.....@.......
+.....@..####...
#.......<....)..
#..........##...
#.....(....#
############


You could see Joseph (berserk).

Vanquished Creatures
  A centaur (D:5)
  A howler monkey (D:6)
  3 jellies
  A hound (D:5)
  A bullfrog skeleton (D:5)
  A centaur skeleton (D:5)
  2 orc priests (D:6)
  4 orc wizards
  A worker ant (D:6)
  A hound skeleton (D:5)
  3 adders
  An ooze (D:1)
  4 orcs
  3 giant cockroaches
  A hobgoblin (D:1)
  3 jackals
  4 kobolds
  A quokka (D:3)
  2 bats
  3 frilled lizards (D:2)
  2 goblins (D:2)
  2 rats (D:2)
45 creatures vanquished.

Vanquished Creatures (others)
  A quokka (D:5)
1 creature vanquished.

Grand Total: 46 creatures vanquished

Notes
Turn   | Place    | Note
-------+----------+-------------------------------------------
     0 | D:1      | cui the Troll Berserker began the quest for the Orb.
     0 | D:1      | Reached XP level 1. HP: 22/22 MP: 0/0
    93 | D:1      | Reached XP level 2. HP: 29/29 MP: 1/1
   444 | D:3      | Reached XP level 3. HP: 36/36 MP: 2/2
   570 | D:5      | Entered Level 5 of the Dungeon
   627 | D:5      | Reached skill level 4 in Unarmed Combat
   650 | D:5      | Found a shimmering altar of Xom.
   652 | D:5      | Found the ring of the Octopus King
   659 | D:5      | Reached XP level 4. HP: 26/44 MP: 3/3
   672 | D:5      | Reached XP level 5. HP: 24/53 MP: 4/4
   674 | D:5      | Reached ** piety under Trog
   705 | D:5      | Noticed a centaur
   712 | D:5      | Killed a centaur
   712 | D:5      | Reached skill level 5 in Unarmed Combat
   718 | D:5      | Reached XP level 6. HP: 41/61 MP: 5/5
  1324 | D:6      | HP: 1/61 [orc/hand axe (4)]
  1354 | D:6      | Reached skill level 6 in Unarmed Combat
  1354 | D:6      | Reached XP level 7. HP: 66/67 MP: 6/6
  1475 | D:7      | Noticed Joseph
  1487 | D:7      | Demolished by Joseph

Skill      XL: |  1  2  3  4  5  6 |
---------------+-------------------+-----
Dodging        | 3 4 |  4.4
Unarmed Combat | 4 5 6 |  6.1
Fighting       | 3 |  3.3
Long Blades    | |  0.1
Stealth        | |  0.3

Action                   |  1- 3 |  4- 6 |  7- 9 || total
-------------------------+-------+-------+-------++-------
Melee: Unarmed           |    71 |    51 |       ||   122
       Long sword        |       |       |    14 ||    14
       Punch             |       |       |     2 ||     2
  Use: Potion            |     1 |     3 |       ||     4
  Eat: Ration            |     1 |     2 |       ||     3
Armor: Animal skin       |    60 |    11 |     1 ||    72
Dodge: Dodged            |    75 |    37 |     8 ||   120
       Rpst.: Long sword |       |       |     4 ||     4
